 Dungeon Crawl Stone Soup version 0.24.0-1-gfbc8707 (webtiles) character file.

Game seed: 10201494594464405592, levelgen mode: deterministic

2975 Buxparty the Slicer (level 9, 0/70 (71) HPs)
             Began as a Merfolk Fighter on Dec 30, 2019.
             Was an Initiate of Dithmenos.
             Splashed by a jelly's acid (2 damage)
             ... on level 8 of the Dungeon.
             The game lasted 00:32:50 (8355 turns).

Buxparty the Slicer (Merfolk Fighter)               Turns: 8355, Time: 00:32:51

HP:   0/70 (71)     AC:  0    Str: 31    XL:     9   Next: 82%
MP:   9/9           EV: 14    Int: 13    God:    Dithmenos [......]
Gold: 351           SH:  6    Dex: 14    Spells: 8/8 levels left

rFire    x . .     SeeInvis +   D - +1 dagger "Raar" {flame, *Corrode rPois rC- Str+9}
rCold    . . .     Gourm    .   w - +1 buckler
rNeg     . . .     Faith    .   e - +1 chain mail of Negligence {rF- Str+4 Int+5 SInv}
rPois    +         Spirit   .   (no helmet)
rElec    .         Reflect  .   x - +0 cloak
rCorr    .         Harm     .   B - +0 pair of gloves
MR       +....                  (no boots)
Stlth    ..........             (no amulet)
HPRegen  0.21/turn              A - ring "Keuc" {rC+ Stlth-}
MPRegen  0.11/turn              E - ring of protection from magic

@: corroded
A: change form in water, swift swim, stealthy swim
a: Renounce Religion


You were on level 8 of the Dungeon.
You worshipped Dithmenos.
Dithmenos was noncommittal.
You were not hungry.

You visited 2 branches of the dungeon, and saw 9 of its levels.

You collected 491 gold pieces.
You spent 140 gold pieces at shops.

Inventory:

Hand Weapons
 a - a +0 rapier
 D - the +1 dagger "Raar" (weapon) {flame, *Corrode rPois rC- Str+9}
   (You found it on level 4 of the Dungeon)

   It has been specially enchanted to burn those struck by it, causing extra
   injury to most foes and up to half again as much damage against particularly
   susceptible opponents.
   It affects your strength (+9).
   It makes you vulnerable to cold.
   It protects you from poison.
   It may corrode you when you take damage.
Missiles
 C - 6 silver javelins (quivered)
Armour
 b - a +0 scale mail
 c - a +0 shield
 e - the +1 chain mail of Negligence (worn) {rF- Str+4 Int+5 SInv}
   (You found it on level 7 of the Dungeon)

   It affects your strength (+4).
   It affects your intelligence (+5).
   It makes you vulnerable to fire.
   It lets you see invisible.
 w - a +1 buckler (worn)
 x - a +0 cloak (worn)
 B - a +0 pair of gloves (worn)
Jewellery
 A - the ring "Keuc" (left hand) {rC+ Stlth-}
   (You found it on level 4 of the Dungeon)

   [ring of attention]

   It protects you from cold.
   It makes you less stealthy.
 E - a ring of protection from magic (right hand)
 F - an uncursed amulet of the gourmand
Wands
 v - a wand of flame (15)
Scrolls
 f - a scroll of fog {unknown}
 g - 3 scrolls of remove curse
 h - 2 scrolls of teleportation
 j - a scroll of random uselessness
 k - 2 scrolls of enchant armour
 o - 4 scrolls of identify
 q - a scroll of amnesia
 y - 3 scrolls of fear
Potions
 l - a potion of agility {unknown}
 m - 2 potions of curing {unknown}
 n - 2 potions of brilliance
 s - a potion of haste
 t - a potion of invisibility {unknown}
 u - 2 potions of ambrosia {unknown}
 z - a potion of berserk rage {unknown}
Comestibles
 d - a ration


   Skills:
 + Level 6.6 Fighting
 * Level 10.5 Short Blades
 - Level 2.1 Armour
 * Level 9.0 Dodging
 + Level 6.0 Shields


You had 8 spell levels left.
You didn't know any spells.
Your spell library was empty.

Dungeon Overview and Level Annotations

Branches:
Dungeon (8/15)             Temple (1/1) D:6
   Lair: D:8-11

Altars:
Ashenzari
Cheibriados
Dithmenos
Elyvilon
Fedhas
Gozag
Hepliaklqana
Kikubaaqudgha
Makhleb
Nemelex Xobeh
Okawaru
Qazlal
Ru
Sif Muna
Uskayaw
Vehumet
Wu Jian
Xom
Yredelemnul
Zin
The Shining One

Shops:
D:4 !   D:6 *

Annotations:
D:4 exclusion: oklob plant
D:5 3 runed translucent doors, spsoon's ghost, novice DsFE


Message History

You hit the jelly but do no damage. The acid corrodes you!
Your hands burn!
* * * LOW HITPOINT WARNING * * *
The jelly is heavily wounded.
You hit the jelly but do no damage.
Your hands burn!
* * * LOW HITPOINT WARNING * * *
The jelly is heavily wounded.
The orc warrior closely misses you. The jelly barely misses you.
You hit the jelly but do no damage.
Your hands burn!
* * * LOW HITPOINT WARNING * * *
The jelly is heavily wounded.
You hit the jelly. You burn the jelly. The acid corrodes you!
Your hands burn!
* * * LOW HITPOINT WARNING * * *
The jelly is severely wounded.
You block the jelly's attack.
You hit the jelly but do no damage.
Your hands burn!
* * * LOW HITPOINT WARNING * * *
The jelly is severely wounded.
You block the orc warrior's attack.
You hit the jelly but do no damage.
Your hands burn!
You die...

## #. #.
######.#######
......J@oooo<####.###
##.##..#####.....o...
#.. #.####.### #..
#.# #.. #?# #.. #<#
#.. #.# ... ... #.


You could see an orc warrior, a jelly and 3 orcs.

Vanquished Creatures
  Pikel (D:6)
  Grinder (D:6)
  Eustachio (D:6)
  A water moccasin (D:6)
  A sky beast (D:6)
  2 ogres
  A necrophage (D:6)
  2 phantoms
  2 centaurs
  3 bullfrogs
  6 scorpions
  2 howler monkeys (D:7)
  3 wights (D:7)
  3 crimson imps
  2 hounds
  3 bullfrog skeletons
  2 iguanas (D:4)
  A jelly (D:5)
  3 orc wizards
  Natasha (thrice) (D:4)
  3 worker ants
  A hound skeleton (D:4)
  12 adders
  A shadow imp (D:5)
  3 oozes
  A worm (D:5)
  3 dart slugs
  8 leopard geckos
  17 orcs
  6 giant cockroaches
  2 goblins
  6 hobgoblins
  3 jackals (D:6)
  13 kobolds
  5 quokkas
  2 ball pythons
  8 bats
  3 frilled lizards
  A giant cockroach zombie (D:6)
  A jackal zombie (D:5)
  A quokka skeleton (D:7)
  8 rats
  A fungus (D:6)
152 creatures vanquished.

Vanquished Creatures (others)
  A black bear (D:6)
  A slave (D:6)
  A bullfrog skeleton (D:6)
  An iguana (D:6)
  An orc (D:8)
  A fungus (D:8)
  2 plants
  3 toadstools (D:6)
11 creatures vanquished.

Grand Total: 163 creatures vanquished

Notes
Turn   | Place    | Note
-------+----------+-------------------------------------------
     0 | D:1      | Buxparty the Merfolk Fighter began the quest for the Orb.
     0 | D:1      | Reached XP level 1. HP: 18/18 MP: 1/1
    76 | D:1      | Reached XP level 2. HP: 20/24 MP: 2/2
   203 | D:1      | Reached skill level 1 in Dodging
   293 | D:1      | Reached skill level 3 in Short Blades
   293 | D:1      | Reached XP level 3. HP: 29/29 MP: 3/3
  1116 | D:3      | Reached XP level 4. HP: 37/37 MP: 4/4
  1169 | D:3      | Reached skill level 4 in Short Blades
  1987 | D:3      | Reached XP level 5. HP: 37/42 MP: 5/5
  2457 | D:4      | Found Boqiten's Distillery.
  2462 | D:4      | Bought a potion of heal wounds for 70 gold pieces
  2462 | D:4      | Bought a potion of heal wounds for 70 gold pieces
  2505 | D:3      | Reached skill level 5 in Short Blades
  2858 | D:4      | Noticed an ogre
  2888 | D:4      | Killed an ogre
  2888 | D:4      | Reached XP level 6. HP: 19/48 MP: 6/6
  3092 | D:4      | Reached skill level 6 in Short Blades
  3278 | D:4      | Found a blossoming altar of Fedhas.
  3308 | D:4      | Noticed an oklob plant
  3365 | D:4      | Noticed Natasha
  3370 | D:4      | Killed Natasha
  3634 | D:4      | Found a basalt altar of Yredelemnul.
  3681 | D:4      | Noticed Natasha
  3695 | D:4      | Killed Natasha
  3723 | D:4      | Noticed Natasha
  3758 | D:4      | HP: 1/48 [Natasha/magic dart (5)]
  3773 | D:4      | HP: 1/48 [Natasha/puff of flame (3)]
  4072 | D:4      | Killed Natasha
  4072 | D:4      | Reached XP level 7. HP: 51/54 MP: 7/7
  4130 | D:4      | Got a twitching bronze ring
  4140 | D:4      | Identified the ring "Keuc" {rC+ Stlth-} (You found it on
                  | level 4 of the Dungeon)
  4407 | D:4      | Got an iridescent dagger
  4408 | D:4      | Identified the +1 dagger "Raar" {flame, *Corrode rPois rC-
                  | Str+9} (You found it on level 4 of the Dungeon)
  4415 | D:5      | Entered Level 5 of the Dungeon
  4434 | D:5      | Reached skill level 7 in Short Blades
  4945 | D:5      | Found a runed translucent gate.
  4945 | D:5      | Found a runed translucent gate.
  4947 | D:5      | Found a runed translucent gate.
  4954 | D:5      | Reached skill level 8 in Short Blades
  4956 | D:5      | Noticed spsoon's ghost (novice DsFE)
  5025 | D:5      | Reached XP level 8. HP: 61/61 MP: 8/8
  5357 | D:6      | Noticed Grinder
  5407 | D:6      | Killed Grinder
  5407 | D:6      | Reached skill level 5 in Fighting
  5407 | D:6      | Reached skill level 9 in Short Blades
  5407 | D:6      | Reached skill level 5 in Dodging
  5706 | D:6      | Noticed Eustachio
  5739 | D:6      | Reached skill level 5 in Shields
  6055 | D:6      | Found a stormy altar of Qazlal.
  6065 | D:6      | Noticed Pikel
  6068 | D:6      | Found a shimmering blue altar of Sif Muna.
  6111 | D:6      | Killed Pikel
  6111 | D:6      | Reached XP level 9. HP: 17/69 MP: 9/9
  6548 | D:6      | Found Kyrujemi's Assorted Antiques.
  6573 | D:6      | Reached skill level 10 in Short Blades
  6884 | D:6      | Found a staircase to the Ecumenical Temple.
  6917 | Temple   | Entered the Ecumenical Temple
  7065 | Temple   | Became a worshipper of Dithmenos the Shadowed
  7145 | D:6      | Killed Eustachio
  7776 | D:7      | Got a jade-studded chain mail
  7787 | D:7      | Identified the cursed +1 chain mail of Negligence {rF-
                  | Str+4 Int+5 SInv} (You found it on level 7 of the Dungeon)
  8066 | D:7      | Found an ornate altar of the Wu Jian Council.
  8354 | D:8      | HP: 2/70 [acid (3)]
  8355 | D:8      | Splashed by a jelly's acid

Levels and vault maps discovered:
D:1:      dpeg_arrival_stone_temple_mockup, layout_rooms
D:2:      layout_basic
D:3:      layout_loops_ring, first_ration, lexackson_kobold_supper
D:4:      layout_cave_pools, nicolae_overflow_crystal_walls, serial_shops,
          kennysheep_little_box, kennysheep_big_empty_room, tgw_fedhas,
          uniq_natasha
D:5:      layout_rooms, ebering_ghost_rock_garden, kennysheep_generic_room_12
D:6:      layout_cave_pods, grunt_temple_overflow_open,
          minmay_temple_entry_enclosed_plants, serial_shops, shop_statue,
          minmay_gold_behind_fungi, uniq_grinder, uniq_eustachio, uniq_pikel
D:7:      layout_basic, lemuel_round_altar
D:8:      layout_loops_ring, lightli_temple_of_fire, minmay_lair_entry_grove,
          blue_anna_alchemist [blue_anna_fruit_fields, blue_anna_fruit_fields],
          vehumet_altar_wand_db, uniq_maurice
Temple:   minmay_crystal_spiral_temple

Skill      XL: |  1  2  3  4  5  6  7  8  9 |
---------------+----------------------------+-----
Dodging        | 1 2 3 4 7 9 |  9.0
Short Blades   | 3 4 5 6 8 9 10 | 10.5
Fighting       | 4 5 6 |  6.6
Shields        | 4 5 6 |  6.0
Armour         | |  2.1

Action                   |  1- 3 |  4- 6 |  7- 9 || total
-------------------------+-------+-------+-------++-------
Melee: Rapier            |   110 |   232 |    12 ||   354
       Dagger            |       |       |   791 ||   791
  Use: Potion            |       |     1 |     3 ||     4
       Scroll            |       |       |    11 ||    11
  Eat: Ration            |     1 |     2 |     4 ||     7
       Chunk             |       |       |     1 ||     1
Armor: Scale mail        |    51 |    69 |   138 ||   258
       Chain mail        |       |       |     7 ||     7
Dodge: Dodged            |    24 |    70 |   289 ||   383
Block: Shield            |    51 |    73 |       ||   124
       Buckler           |       |    10 |   116 ||   126
